[ AOE2 MATCH · #468305860 ]
UnrankedKoreans vs Armenians
[ REPLAY ANALYSIS · EXTRACTED FROM THE RECORDED GAME ]
Feudal
—
Castle
—
Imperial
—
| APM avg | 76.4 |
| APM peak | 103 |
| eAPM avg | 36.9 |
| Villagers / military | 30 / 0 |
Focus
⚔️ 42.0% · 🌾 58.0%
Feudal
—
Castle
—
Imperial
—
| APM avg | 38.3 |
| APM peak | 61 |
| eAPM avg | 14.2 |
| Villagers / military | 24 / 0 |
Focus
⚔️ 29.7% · 🌾 70.3%
Feudal
—
Castle
—
Imperial
—
| APM avg | 50.1 |
| APM peak | 62 |
| eAPM avg | 21.7 |
| Villagers / military | 20 / 0 |
Focus
⚔️ 31.7% · 🌾 68.3%
Feudal
—
Castle
—
Imperial
—
| APM avg | 43.7 |
| APM peak | 73 |
| eAPM avg | 21.2 |
| Villagers / military | 14 / 0 |
Focus
⚔️ 23.6% · 🌾 76.4%
Feudal
—
Castle
—
Imperial
—
| APM avg | 49.9 |
| APM peak | 85 |
| eAPM avg | 26.4 |
| Villagers / military | 27 / 0 |
Focus
⚔️ 48.6% · 🌾 51.4%
Feudal
—
Castle
—
Imperial
—
| APM avg | 45.6 |
| APM peak | 77 |
| eAPM avg | 18.8 |
| Villagers / military | 24 / 0 |
Focus
⚔️ 9.2% · 🌾 90.8%
Feudal
—
Castle
—
Imperial
—
| APM avg | 43.9 |
| APM peak | 73 |
| eAPM avg | 18.3 |
| Villagers / military | 29 / 0 |
Focus
⚔️ 10.1% · 🌾 89.9%
Feudal
—
Castle
—
Imperial
—
| APM avg | 74.1 |
| APM peak | 119 |
| eAPM avg | 35.0 |
| Villagers / military | 23 / 0 |
Focus
⚔️ 64.8% · 🌾 35.2%
Match map
Initial resources + every placement click. Lines = walls · curves = elevation contours. ◆ gold · ⬟ stone · ● berries · ✦ relic · ◌ wall gap
Your base
Mo_Tastic's base
OS+ | Tiggerr's base
|Thepejezombie's base
OS +| NeoZz's base
turquesa's base
OS+ | VoNDutcH's base
RaFa_GoRgOrY's base
Smoothed initial terrain · ◌ = detected wall gap · hover for details
Inputs per minute
— OS+ | TeMo - - Mo_Tastic
Build order — OS+ | TeMo
53 actions detected in the replay
| 0:01 | Create | Villager (Male) |
| 0:01 | Create | Villager (Male) |
| 0:02 | Build | House |
| 0:03 | Build | House |
| 0:11 | Create | Villager (Male) |
| 0:11 | Create | Villager (Male) |
| 0:11 | Create | Villager (Male) |
| 0:43 | Build | House |
| 0:50 | Research | Loom |
| 0:53 | Create | Villager (Male) |
| 0:53 | Create | Villager (Male) |
| 0:53 | Create | Villager (Male) |
| 1:42 | Build | Palisade Wall |
| 1:44 | Create | Villager (Male) |
| 2:09 | Build | House |
| 2:12 | Build | Palisade Wall |
| 2:31 | Build | Palisade Wall |
| 2:35 | Create | Villager (Male) |
| 2:39 | Build | Palisade Wall |
| 2:39 | Build | Palisade Wall |
| 2:45 | Create | Villager (Male) |
| 2:45 | Create | Villager (Male) |
| 3:12 | Create | Villager (Male) |
| 3:12 | Create | Villager (Male) |
| 3:30 | Build | House |
| 3:41 | Create | Villager (Male) |
| 3:41 | Create | Villager (Male) |
| 4:14 | Build | Palisade Wall |
| 4:21 | Create | Villager (Male) |
| 4:21 | Create | Villager (Male) |
| 4:28 | Build | House |
| 4:31 | Build | Palisade Wall |
| 4:35 | Build | Palisade Gate |
| 4:36 | Build | Palisade Wall |
| 4:40 | Build | Palisade Wall |
| 4:46 | Build | Palisade Wall |
| 4:58 | Create | Villager (Male) |
| 4:58 | Create | Villager (Male) |
| 5:13 | Create | Villager (Male) |
| 5:31 | Create | Villager (Male) |
| 5:31 | Create | Villager (Male) |
| 6:01 | Create | Villager (Male) |
| 6:02 | Create | Villager (Male) |
| 6:42 | Create | Villager (Male) |
| 6:43 | Create | Villager (Male) |
| 6:47 | Build | House |
| 6:59 | Create | Villager (Male) |
| 7:13 | Create | Villager (Male) |
| 7:17 | Build | Palisade Wall |
| 7:19 | Build | Palisade Wall |
| 7:19 | Build | Palisade Wall |
| 7:33 | Create | Villager (Male) |
| 7:35 | Build | House |
Build order — Mo_Tastic
30 actions detected in the replay
| 0:00 | Create | Villager (Male) |
| 0:01 | Create | Villager (Male) |
| 0:01 | Create | Villager (Male) |
| 0:01 | Create | Villager (Male) |
| 0:01 | Create | Villager (Male) |
| 0:03 | Build | House |
| 0:05 | Build | House |
| 1:24 | Create | Villager (Male) |
| 1:49 | Build | Mule Cart |
| 2:06 | Create | Villager (Male) |
| 2:06 | Create | Villager (Male) |
| 2:23 | Create | Villager (Male) |
| 2:23 | Create | Villager (Male) |
| 2:53 | Create | Villager (Male) |
| 3:12 | Create | Villager (Male) |
| 3:23 | Build | House |
| 3:24 | Build | House |
| 3:43 | Create | Villager (Male) |
| 4:01 | Build | Mill |
| 4:17 | Create | Villager (Male) |
| 4:17 | Create | Villager (Male) |
| 5:02 | Create | Villager (Male) |
| 5:03 | Create | Villager (Male) |
| 5:03 | Create | Villager (Male) |
| 5:24 | Create | Villager (Male) |
| 6:03 | Create | Villager (Male) |
| 6:03 | Create | Villager (Male) |
| 6:12 | Create | Villager (Male) |
| 6:12 | Create | Villager (Male) |
| 6:19 | Create | Villager (Male) |
Build order — OS+ | Tiggerr
33 actions detected in the replay
| 0:00 | Create | Villager (Male) |
| 0:01 | Create | Villager (Male) |
| 0:01 | Create | Villager (Male) |
| 0:02 | Build | House |
| 0:03 | Build | House |
| 0:16 | Create | Villager (Male) |
| 0:28 | Research | Loom |
| 0:29 | Create | Villager (Male) |
| 0:29 | Create | Villager (Male) |
| 0:54 | Create | Villager (Male) |
| 0:55 | Create | Villager (Male) |
| 2:01 | Create | Villager (Male) |
| 2:19 | Build | Palisade Wall |
| 2:23 | Build | Palisade Wall |
| 2:26 | Build | Palisade Wall |
| 2:47 | Build | Palisade Wall |
| 3:12 | Create | Villager (Male) |
| 3:36 | Create | Villager (Male) |
| 3:59 | Build | House |
| 4:07 | Create | Villager (Male) |
| 4:19 | Build | Palisade Wall |
| 4:29 | Create | Villager (Male) |
| 5:04 | Create | Villager (Male) |
| 5:18 | Create | Villager (Male) |
| 5:57 | Build | Lumber Camp |
| 5:58 | Create | Villager (Male) |
| 6:22 | Create | Villager (Male) |
| 6:51 | Create | Villager (Male) |
| 7:01 | Build | Mill |
| 7:08 | Create | Villager (Male) |
| 7:20 | Build | House |
| 7:26 | Create | Villager (Male) |
| 7:43 | Build | Palisade Wall |
Build order — |Thepejezombie
26 actions detected in the replay
| 0:01 | Create | Villager (Male) |
| 0:02 | Build | House |
| 0:03 | Build | House |
| 0:15 | Research | Loom |
| 0:18 | Create | Villager (Male) |
| 0:18 | Create | Villager (Male) |
| 0:41 | Create | Villager (Male) |
| 0:58 | Build | Palisade Wall |
| 1:04 | Build | Palisade Wall |
| 2:05 | Create | Villager (Male) |
| 2:39 | Build | Palisade Wall |
| 2:47 | Create | Villager (Male) |
| 3:02 | Build | Palisade Gate |
| 3:13 | Build | Palisade Gate |
| 3:22 | Build | House |
| 3:29 | Create | Villager (Male) |
| 3:29 | Create | Villager (Male) |
| 3:54 | Build | Palisade Wall |
| 4:00 | Build | House |
| 4:08 | Create | Villager (Male) |
| 4:09 | Create | Villager (Male) |
| 4:59 | Create | Villager (Male) |
| 5:35 | Create | Villager (Male) |
| 5:56 | Build | House |
| 6:09 | Create | Villager (Male) |
| 6:31 | Create | Villager (Male) |
Build order — OS +| NeoZz
39 actions detected in the replay
| 0:01 | Create | Villager (Male) |
| 0:01 | Create | Villager (Male) |
| 0:02 | Create | Villager (Male) |
| 0:03 | Build | House |
| 0:04 | Build | House |
| 0:16 | Create | Villager (Male) |
| 0:17 | Create | Villager (Male) |
| 1:22 | Create | Villager (Male) |
| 1:23 | Create | Villager (Male) |
| 1:46 | Create | Villager (Male) |
| 1:47 | Create | Villager (Male) |
| 2:05 | Build | Lumber Camp |
| 2:21 | Create | Villager (Male) |
| 2:23 | Create | Villager (Male) |
| 2:53 | Create | Villager (Male) |
| 3:26 | Build | House |
| 3:39 | Create | Villager (Male) |
| 3:39 | Create | Villager (Male) |
| 4:10 | Build | House |
| 4:11 | Create | Villager (Male) |
| 4:11 | Create | Villager (Male) |
| 4:25 | Create | Villager (Male) |
| 4:25 | Create | Villager (Male) |
| 4:52 | Build | Palisade Wall |
| 5:01 | Create | Villager (Male) |
| 5:02 | Create | Villager (Male) |
| 5:28 | Build | Palisade Wall |
| 5:32 | Build | Palisade Wall |
| 5:37 | Build | Palisade Wall |
| 5:53 | Build | Mill |
| 6:14 | Create | Villager (Male) |
| 6:42 | Create | Villager (Male) |
| 6:43 | Create | Villager (Male) |
| 6:46 | Create | Villager (Male) |
| 6:57 | Create | Villager (Male) |
| 7:00 | Create | Villager (Male) |
| 7:11 | Create | Villager (Male) |
| 7:41 | Research | Feudal Age |
| 7:41 | Research | Feudal Age |
Build order — turquesa
31 actions detected in the replay
| 0:02 | Create | Villager (Male) |
| 0:03 | Build | House |
| 0:04 | Build | House |
| 0:15 | Create | Villager (Male) |
| 0:16 | Create | Villager (Male) |
| 0:20 | Create | Villager (Male) |
| 0:20 | Create | Villager (Male) |
| 1:27 | Create | Villager (Male) |
| 1:54 | Create | Villager (Male) |
| 2:02 | Build | Lumber Camp |
| 2:26 | Create | Villager (Male) |
| 2:56 | Create | Villager (Male) |
| 2:57 | Create | Villager (Male) |
| 3:03 | Build | House |
| 3:37 | Create | Villager (Male) |
| 3:37 | Create | Villager (Male) |
| 4:10 | Create | Villager (Male) |
| 4:31 | Create | Villager (Male) |
| 4:32 | Create | Villager (Male) |
| 4:55 | Create | Villager (Male) |
| 4:56 | Create | Villager (Male) |
| 5:08 | Build | House |
| 5:13 | Create | Villager (Male) |
| 5:29 | Build | Mill |
| 5:42 | Create | Villager (Male) |
| 6:04 | Create | Villager (Male) |
| 6:08 | Create | Villager (Male) |
| 6:29 | Create | Villager (Male) |
| 7:25 | Create | Villager (Male) |
| 7:42 | Build | House |
| 7:46 | Create | Villager (Male) |
Build order — OS+ | VoNDutcH
38 actions detected in the replay
| 0:00 | Create | Villager (Male) |
| 0:01 | Create | Villager (Male) |
| 0:02 | Build | House |
| 0:03 | Build | House |
| 0:15 | Create | Villager (Male) |
| 0:16 | Create | Villager (Male) |
| 1:27 | Create | Villager (Male) |
| 1:28 | Create | Villager (Male) |
| 1:54 | Create | Villager (Male) |
| 1:59 | Build | Lumber Camp |
| 2:09 | Create | Villager (Male) |
| 2:09 | Create | Villager (Male) |
| 2:32 | Create | Villager (Male) |
| 2:32 | Create | Villager (Male) |
| 3:07 | Create | Villager (Male) |
| 3:33 | Create | Villager (Male) |
| 3:34 | Build | Mill |
| 4:05 | Build | House |
| 4:10 | Create | Villager (Male) |
| 4:17 | Create | Villager (Male) |
| 4:17 | Create | Villager (Male) |
| 4:35 | Create | Villager (Male) |
| 4:45 | Create | Villager (Male) |
| 4:45 | Create | Villager (Male) |
| 5:26 | Create | Villager (Male) |
| 5:26 | Create | Villager (Male) |
| 5:30 | Build | House |
| 5:44 | Create | Villager (Male) |
| 5:45 | Create | Villager (Male) |
| 5:58 | Create | Villager (Male) |
| 6:30 | Create | Villager (Male) |
| 7:02 | Create | Villager (Male) |
| 7:09 | Create | Villager (Male) |
| 7:33 | Build | Farm |
| 7:34 | Build | Farm |
| 7:36 | Build | Farm |
| 7:38 | Create | Villager (Male) |
| 7:52 | Create | Villager (Male) |
Build order — RaFa_GoRgOrY
29 actions detected in the replay
| 0:01 | Create | Villager (Male) |
| 0:01 | Create | Villager (Male) |
| 0:02 | Build | House |
| 0:03 | Build | House |
| 0:09 | Create | Villager (Male) |
| 0:09 | Create | Villager (Male) |
| 0:09 | Create | Villager (Male) |
| 1:20 | Research | Loom |
| 1:46 | Create | Villager (Male) |
| 1:46 | Create | Villager (Male) |
| 2:08 | Create | Villager (Male) |
| 2:41 | Create | Villager (Male) |
| 3:16 | Create | Villager (Male) |
| 3:47 | Create | Villager (Male) |
| 3:47 | Create | Villager (Male) |
| 4:23 | Create | Villager (Male) |
| 5:04 | Create | Villager (Male) |
| 5:04 | Create | Villager (Male) |
| 5:18 | Build | Lumber Camp |
| 5:20 | Create | Villager (Male) |
| 5:20 | Create | Villager (Male) |
| 5:27 | Build | House |
| 5:47 | Create | Villager (Male) |
| 5:47 | Create | Villager (Male) |
| 6:15 | Create | Villager (Male) |
| 6:40 | Create | Villager (Male) |
| 7:04 | Create | Villager (Male) |
| 7:06 | Build | House |
| 7:36 | Create | Villager (Male) |
Match timeline
| 0:58 | |Thepejezombie · wall_segment Palisade Wall x4 |
| 1:04 | |Thepejezombie · wall_segment Palisade Wall x5 |
| 1:42 | OS+ | TeMo · wall_segment Palisade Wall x6 |
| 2:12 | OS+ | TeMo · wall_segment Palisade Wall x1 |
| 2:19 | OS+ | Tiggerr · wall_segment Palisade Wall x5 |
| 2:23 | OS+ | Tiggerr · wall_segment Palisade Wall x1 |
| 2:26 | OS+ | Tiggerr · wall_segment Palisade Wall x1 |
| 2:31 | OS+ | TeMo · wall_segment Palisade Wall x1 |
| 2:39 | OS+ | TeMo · wall_segment Palisade Wall x5 |
| 2:39 | |Thepejezombie · wall_segment Palisade Wall x1 |
| 2:39 | OS+ | TeMo · wall_segment Palisade Wall x1 |
| 2:47 | OS+ | Tiggerr · wall_segment Palisade Wall x6 |
| 3:54 | |Thepejezombie · wall_segment Palisade Wall x8 |
| 4:14 | OS+ | TeMo · wall_segment Palisade Wall x1 |
| 4:19 | OS+ | Tiggerr · wall_segment Palisade Wall x5 |
| 4:31 | OS+ | TeMo · wall_segment Palisade Wall x1 |
| 4:36 | OS+ | TeMo · wall_segment Palisade Wall x1 |
| 4:40 | OS+ | TeMo · wall_segment Palisade Wall x1 |
| 4:46 | OS+ | TeMo · wall_segment Palisade Wall x1 |
| 4:52 | OS +| NeoZz · wall_segment Palisade Wall x1 |
| 5:28 | OS +| NeoZz · wall_segment Palisade Wall x1 |
| 5:32 | OS +| NeoZz · wall_segment Palisade Wall x1 |
| 5:37 | OS +| NeoZz · wall_segment Palisade Wall x1 |
| 6:45 | |Thepejezombie · resign |
| 7:17 | OS+ | TeMo · wall_segment Palisade Wall x3 |
| 7:19 | OS+ | TeMo · wall_segment Palisade Wall x1 |
| 7:19 | OS+ | TeMo · wall_segment Palisade Wall x1 |
| 7:43 | OS+ | Tiggerr · wall_segment Palisade Wall x1 |
[ AI ANALYSIS · 1 CREDIT ]
What really happened in this match?
Wolo.gg analyzes every decision: build order, eco, micro, common mistakes by bracket. Personalized analysis on WhatsApp or Discord in 30 seconds.
Civ guide
Koreans
Perfil
Jugador #22608180